 Dungeon Crawl Stone Soup version 0.27-a0-1202-ge72e49191c (webtiles) character file.

Game seed: 2506933082380260006

64 funkygono the Firebug (level 3, 0/26 HPs)
             Began as a Draconian Fire Elementalist on June 2, 2021.
             Slain by a gnoll
             ... wielding a +0 flail
              (11 damage)
             ... on level 2 of the Dungeon.
             The game lasted 00:02:24 (1251 turns).

funkygono the Firebug (Draconian Fire Elementalist) Turns: 1251, Time: 00:02:25

Health: 0/26       AC:  6    Str: 16    XL:     3   Next: 91%
Magic:  1/6        EV: 12    Int: 16    God:
Gold:   71         SH:  0    Dex: 11    Spells: 6/7 levels left

rFire    + . .     SeeInvis .   d - +0 whip
rCold    x . .     Faith    .   (no shield)
rNeg     . . .     Spirit   .   (armour unavailable)
rPois    .         Reflect  .   (helmet restricted)
rElec    .         Harm     .   (no cloak)
rCorr    .         Rampage  .   (no gloves)
Will     .....                  i - +0 pair of boots
Stlth    ++........             (no amulet)
HPRegen  0.08/turn              a - ring of fire
MPRegen  0.10/turn              g - +6 ring of strength

@: no status effects
A: AC +5, unfitting armour, cold-blooded
a: no special abilities


You were on level 2 of the Dungeon.
You visited 1 branch of the dungeon, and saw 2 of its levels.

You collected 71 gold pieces.

Inventory:

Hand Weapons
 d - a +0 whip (weapon)
Missiles
 f - 52 stones
Armour
 i - a +0 pair of boots (worn)
Magical Staves
 c - a staff of air
Jewellery
 a - a ring of fire (left hand)
 g - a +6 ring of strength (right hand)
 h - a +6 ring of dexterity
Scrolls
 j - a scroll of fog {unknown}
Potions
 b - a potion of magic {unknown}
 e - a potion of curing {unknown}


   Skills:
 + Level 0.2 Fighting
 + Level 0.2 Staves
 * Level 2.0 Dodging
 - Level 1.7 Stealth
 * Level 2.5 Spellcasting
 * Level 1.3 Conjurations
 * Level 4.1 Fire Magic


You had 6 spell levels left.
You knew the following spells:

 Your Spells              Type           Power      Damage    Failure   Level
a - Foxfire               Conj/Fire      64%        2x1d7     6%          1

Your spell library contained the following spells:

 Spells                   Type           Power      Damage    Failure   Level
 Conjure Flame            Conj/Fire      16%        6-21      19%         3
 Inner Flame              Hex/Fire       13%        N/A       26%         3
 Sticky Flame             Conj/Fire      16%        2d4       54%         4
 Fireball                 Conj/Fire      8%         3d6       87%         5


Dungeon Overview and Level Annotations

Branches:
Dungeon (2/15)

Altars:


Innate Abilities, Weirdness & Mutations

Your plain brown scales are hard. (AC +5)
You cannot fit into any form of body armour.
You are cold-blooded and may be slowed by cold attacks.


Message History

The gnoll hits you with a +0 flail.
The foxfire hits the gnoll.
The gnoll is moderately wounded.
As you open the door, it creaks loudly!
A ball python comes into view.
The ball python hisses angrily.
There is an open door here.
The ball python bites you. The ball python grabs you.
The ball python constricts you.
Casting: Foxfire (safe; 7% risk of failure)
Confirm with . or Enter, or press ? or * to list all spells.
You feel a surge of power!
You conjure some foxfire!
The foxfire hits the gnoll.
The gnoll is lightly wounded.
The ball python bites you but does no damage.
The ball python constricts you.
You escape the ball python's grasp.
The foxfire hits the ball python.
You kill the ball python!
Casting: Foxfire (safe; 7% risk of failure)
Confirm with . or Enter, or press ? or * to list all spells.
You feel a surge of power!
You conjure some foxfire!
Unknown command.
The foxfire hits the gnoll.
The gnoll is lightly wounded.
The foxfire hits the gnoll!
The gnoll is severely wounded.
Casting: Foxfire (safe; 7% risk of failure)
Confirm with . or Enter, or press ? or * to list all spells.
You feel a surge of power!
You conjure some foxfire!
The gnoll hits you but does no damage.
Unknown command.
The foxfire hits the gnoll.
The gnoll is almost dead.
The foxfire hits the gnoll.
You kill the gnoll!
Casting: Foxfire (safe; 6% risk of failure)
Confirm with . or Enter, or press ? or * to list all spells.
You feel a surge of power!
You conjure some foxfire!
The gnoll hits you with a +0 flail!
You die...

#.###....#.# #.†...#
#..........# #..##.#
####.#.#### #..##.# #.#.#
#..##.# #####.#'## #...#.#
...........## #.#.#.#
#.######..†).## #.#.#.# ..#
##....g..## ##.....#
..####.....v@..####....#####.
# ....
+.....v...+............. #.
..# #.........#.##....#.####
#.##.# ##...........##.#.#.#
#..<# ##..†..#..#.####.#.#
###.# ##...##.._###...#.# #.#
##'#########.###.# #.# #.#
#.###.###.# ###†##### #.#
#.........#


You could see a gnoll (ally target).

Vanquished Creatures
  2 gnolls (D:2)
  An adder (D:2)
  2 endoplasms (D:1)
  3 giant cockroaches (D:1)
  3 goblins (D:1)
  7 hobgoblins
  3 kobolds (D:1)
  2 ball pythons
  5 bats
  3 frilled lizards
  2 rats (D:1)
33 creatures vanquished.

Vanquished Creatures (others)
  86 foxfires
86 creatures vanquished.

Grand Total: 119 creatures vanquished

Notes
Turn   | Place    | Note
-------+----------+-------------------------------------------
     0 | D:1      | funkygono the Draconian Fire Elementalist began the quest
                  | for the Orb.
     0 | D:1      | Reached XP level 1. HP: 14/14 MP: 3/3
     2 | D:1      | Noticed an electric eel
   239 | D:1      | Reached XP level 2. HP: 20/20 MP: 3/5
   997 | D:2      | Reached XP level 3. HP: 22/26 MP: 0/6
  1133 | D:2      | Found a faded altar of an unknown god.
  1236 | D:2      | Reached skill level 4 in Fire Magic
  1251 | D:2      | Slain by a gnoll

Illustrated notes

Levels and vault maps discovered:
D:1:      arrival_aquarium_a, layout_basic
D:2:      layout_loops_corners, basic_altar, ebering_ecumenical_altar_rust

Skill      XL: |  1  2  3 |
---------------+----------+-----
Dodging        | 2 |  2.0
Fire Magic     | 4 |  4.1
Fighting       | |  0.2
Staves         | |  0.2
Stealth        | |  1.7
Spellcasting   | |  2.5
Conjurations   | |  1.3

Action                   || total
-------------------------++-------
Melee: Staff             ||     2
       Whip              ||     8
 Cast: Foxfire           ||    53
Armor: Skin              ||     9
Dodge: Dodged            ||    21

Table legend: (Time is in decaauts)
 A = Elapsed time spent in this place.
 B = Non-inter-level travel time spent in this place.
 C = Inter-level travel time spent in this place.
 D = Time resting spent in this place.
 E = Time spent auto-exploring this place.
 F = Levels seen in this place.
 G = Mean time per level.
                   A        B        C        D        E       F      G
               +--------+--------+--------+--------+--------+-----+--------+
         Total |   1250 |   1238 |     12 |      0 |   1029 |   2 |  625.0 |
       Dungeon |   1250 |   1238 |     12 |      0 |   1029 |   2 |  625.0 |
               +--------+--------+--------+--------+--------+-----+--------+

Top non-repeatable levels by time:
     D:1: 977 daAuts
     D:2: 272 daAuts
